 Dungeon Crawl Stone Soup version 0.29-a0-243-g602b31c20e (webtiles) character file.

Game seed: 3005075765519506809

159 Ajdolov the Bolt Thrower (level 5, -6/34 (38) HPs)
             Began as a Formicid Hunter on Mar 4, 2022.
             Killed from afar by Ijyb (10 damage)
             ... with an iceblast
             ... on level 3 of the Dungeon.
             The game lasted 00:05:09 (3498 turns).

Ajdolov the Bolt Thrower (Formicid Hunter)          Turns: 3498, Time: 00:05:10

HP:   -6/34 (38)    AC:  3    Str: 17    XL:     5   Next: 68%
MP:   0/5           EV: 11    Int: 10    God:
Gold: 66            SH:  0    Dex: 13    Spells: 4/4 levels left

rFire   . . .      SeeInvis +   a - +1 hand crossbow
rCold   + . .      Faith    .   (no shield)
rNeg    . . .      Spirit   +   b - +0 leather armour
rPois   .          Reflect  .   (helmet unavailable)
rElec   .          Harm     .   (no cloak)
rCorr   .          Rampage  .   (no gloves)
Will    .....                   (no boots)
Stlth   +.........              h - amulet of guardian spirit
HPRegen 0.11/turn               g - ring of protection from cold
MPRegen 0.09/turn               l - ring of wizardry

@: heavily drained
A: permanent stasis, dig shafts and tunnels, antennae 3, four strong arms
a: Dig, Shaft Self


You were on level 3 of the Dungeon.
You visited 1 branch of the dungeon, and saw 3 of its levels.

You collected 66 gold pieces.

Inventory:

Hand Weapons
 a - a +1 hand crossbow (weapon)
Armour
 b - a +0 leather armour (worn)
Jewellery
 g - a ring of protection from cold (left hand)
 h - an amulet of guardian spirit (around neck)
 l - a ring of wizardry (right hand)
Wands
 j - a wand of iceblast (6)
Scrolls
 e - 2 scrolls of fog {unknown}
 k - 3 scrolls of teleportation {unknown}
 m - 2 scrolls of identify {unknown}
 n - a scroll of torment {unknown}
 o - a scroll of amnesia {unknown}
 p - 3 scrolls of immolation {unknown}
Potions
 c - 2 potions of magic {unknown}
 d - a potion of flight {unknown}
 f - a potion of attraction {unknown}
 i - 2 potions of might {unknown}
 q - a potion of curing


   Skills:
 - Level 2.1 Fighting
 * Level 6.5 Crossbows
 - Level 1.7 Dodging
 - Level 1.2 Stealth


You had 4 spell levels left.
You didn't know any spells.
Your spell library contained the following spells:

 Spells                   Type           Power      Damage    Failure   Level
 Sandblast                Erth           0%         2d4       19%         1
 Ensorcelled Hibernation  Hex/Ice        0%         N/A       26%         2
 Passwall                 Tmut/Erth      0%         N/A       26%         2
 Spider Form              Tmut/Pois      0%         N/A       45%         3
 Stone Arrow              Conj/Erth      0%         3d7       45%         3
 Anguish                  Hex/Necr       0%         N/A       86%         4


Dungeon Overview and Level Annotations

Branches:
Dungeon (3/15)

Altars:

Annotations:
D:2 1 runed translucent door, Crazy Yiuf
D:3 Ijyb


Innate Abilities, Weirdness & Mutations

You cannot be hasted, slowed, berserked, paralysed or teleported.
You can dig through walls and to a lower floor.
You have a pair of large antennae on your head. (SInv)
Your four strong arms can wield two-handed weapons with a shield.


Message History

Ijyb is lightly wounded.
Ijyb zaps a wand.
The mass of ice explodes!
The iceblast engulfs you! You partially resist.
You shoot a bolt. The bolt barely misses Ijyb.
Ijyb zaps a wand.
The mass of ice explodes!
The iceblast engulfs you! You partially resist.
You shoot a bolt. The bolt hits Ijyb but does no damage.
Ijyb is lightly wounded.
Ijyb misses you.
You shoot a bolt. The bolt hits Ijyb.
Ijyb is moderately wounded.
Ijyb closely misses you.
Ijyb hits you from afar with a +0 spear.
You shoot a bolt. The bolt closely misses Ijyb.
Ijyb zaps a wand.
The mass of ice explodes!
The iceblast engulfs you. You partially resist.
You are too injured to fight recklessly!
You are too injured to fight recklessly!
That's the wrong kind of item! (Use * to select it.) Evoke which item? (* to show all) (? for menu, Esc to quit)
You don't have any such object.
Evoke which item? (* to show all) (? for menu, Esc to quit)
Okay, then.
Aiming: Iceblast
Press: ? - help, Shift-Dir - straight line, f/p - Ijyb
Aim: Ijyb, wielding a +0 spear, wearing a +0 ring mail and carrying a wand of iceblast (2) (moderately wounded)
The mass of ice explodes!
The iceblast engulfs Ijyb.
Ijyb is severely wounded.
Ijyb drinks a potion.
Ijyb is healed!
Aiming: Iceblast
Press: ? - help, Shift-Dir - straight line, f/p - Ijyb
Aim: Ijyb, wielding a +0 spear, wearing a +0 ring mail and carrying a wand of iceblast (2) (lightly wounded)
The mass of ice explodes!
The iceblast engulfs Ijyb!
Ijyb is severely wounded.
Ijyb hits you from afar with a +0 spear!
* * * LOW HITPOINT WARNING * * *
Ijyb hits you from afar with a +0 spear.
* * * LOW HITPOINT WARNING * * *
You see here a +2 dagger of draining.
Ijyb zaps a wand.
The mass of ice explodes!
The iceblast engulfs you! You partially resist.
You die...

## #...# .# ##...#
.#####....# ##########
..........# #........#
.#...##...# #........#
....###...######........#
...........)))))).......#
.##############.........#
.# ##@.......# .#
##########........# ##
#........#........# #
#........#........# #
#........#g.......# #
###........#)..######
....>........###
#.....<....##
##.###.....รท....#


You could see Ijyb.

Vanquished Creatures
  Robin (D:3)
  4 gnolls
  3 adders
  An ufetubus (D:3)
  3 worms
  An orc (D:2)
  8 ball pythons
  2 bats (D:1)
  5 endoplasms
  6 giant cockroaches
  8 goblins
  8 hobgoblins
  3 kobolds (D:1)
  3 quokkas
  5 frilled lizards
  5 rats
66 creatures vanquished.

Vanquished Creatures (others)
  A goblin (D:3)
  A rat (D:3)
  7 plants (D:1)
9 creatures vanquished.

Grand Total: 75 creatures vanquished

Notes
Turn   | Place    | Note
-------+----------+-------------------------------------------
     0 | D:1      | Ajdolov the Formicid Hunter began the quest for the Orb.
     0 | D:1      | Reached XP level 1. HP: 16/16 MP: 1/1
   140 | D:1      | Found a faded altar of an unknown god.
   206 | D:1      | Reached XP level 2. HP: 21/22 MP: 2/2
   699 | D:1      | Reached XP level 3. HP: 27/27 MP: 3/3
   979 | D:1      | Reached skill level 5 in Crossbows
  1490 | D:2      | Found a runed translucent door.
  1491 | D:2      | Noticed Crazy Yiuf
  1524 | D:2      | Reached XP level 4. HP: 24/33 MP: 4/4
  1700 | D:2      | Identified the +9 hunting sling "Ogrebane" {speed, rCorr
                  | Int+6 Dex-3}
  1997 | D:3      | Noticed Ijyb
  2345 | D:3      | Noticed Robin
  2686 | D:3      | Reached XP level 5. HP: 27/38 MP: 3/5
  2817 | D:3      | Reached skill level 6 in Crossbows
  2933 | D:3      | Killed Robin
  3498 | D:3      | Killed from afar by Ijyb

Illustrated notes

Levels and vault maps discovered:
D:1:      pf_arrival_petrified_forest, layout_loops_corners, serial_forest,
          infiniplex_forest_straight_5, infiniplex_forest_clump_long,
          infiniplex_forest_clump_medium, infiniplex_forest_straight_4,
          infiniplex_forest_clump_cross, nicolae_ecumenical_snake_handling
D:2:      layout_rooms, minmay_tiny_reverse_x, uniq_crazy_yiuf_cottage
D:3:      layout_rooms, uniq_robin, uniq_ijyb

Skill      XL: |  1  2  3  4  5 |
---------------+----------------+-----
Crossbows      | 5 6 |  6.5
Fighting       | |  2.1
Dodging        | |  1.7
Stealth        | |  1.2

Action                   |  1- 3 |  4- 6 || total
-------------------------+-------+-------++-------
 Fire: Hand crossbow     |    99 |   123 ||   222
 Abil: Dig               |       |     2 ||     2
Evoke: Wand              |       |     2 ||     2
Armor: Leather armour    |    11 |    14 ||    25
Dodge: Dodged            |    25 |    43 ||    68

Table legend: (Time is in decaauts)
 A = Elapsed time spent in this place.
 B = Non-inter-level travel time spent in this place.
 C = Inter-level travel time spent in this place.
 D = Time resting spent in this place.
 E = Time spent auto-exploring this place.
 F = Levels seen in this place.
 G = Mean time per level.
                   A        B        C        D        E       F      G
               +--------+--------+--------+--------+--------+-----+--------+
         Total |   3562 |   3364 |    198 |   1069 |   1698 |   3 | 1187.3 |
       Dungeon |   3562 |   3364 |    198 |   1069 |   1698 |   3 | 1187.3 |
               +--------+--------+--------+--------+--------+-----+--------+

Top non-repeatable levels by time:
     D:2: 1535 daAuts
     D:1: 1419 daAuts
     D:3: 608 daAuts
